 Dungeon Crawl Stone Soup version 0.27.1-33-g824d729ab1 (webtiles) character file.

Game seed: 11675813991519176452

35 Holzbalken the Chopper (level 3, 27/27 HPs)
             Began as a Demonspawn Gladiator on Dec 9, 2021.
             Quit the game on level 1 of the Dungeon.
             The game lasted 00:03:17 (1042 turns).

Holzbalken the Chopper (Demonspawn Gladiator)       Turns: 1042, Time: 00:03:18

Health: 27/27      AC:  8    Str: 15    XL:     3   Next: 16%
Magic:  3/3        EV: 12    Int:  9    God:
Gold:   26         SH:  0    Dex: 16    Spells: 2/2 levels left

rFire    . . .     SeeInvis .   a - +0 war axe
rCold    . . .     Faith    .   (no shield)
rNeg     . . .     Spirit   .   b - +0 leather armour
rPois    .         Reflect  .   (helmet restricted)
rElec    .         Harm     .   (no cloak)
rCorr    +         Rampage  .   e - +0 pair of gloves
Will     .....                  (no boots)
Stlth    ++........             (no amulet)
HPRegen  0.09/turn              g - ring of resist corrosion
MPRegen  0.08/turn              l - +4 ring of protection

@: no status effects
A: antennae 1, thin skeletal structure 1
a: no special abilities


You were on level 1 of the Dungeon.
You visited 1 branch of the dungeon, and saw 1 of its levels.

You collected 26 gold pieces.

Inventory:

Hand Weapons
 a - a +0 war axe (weapon)
Missiles
 d - 4 throwing nets (quivered)
Armour
 b - a +0 leather armour (worn)
 c - a +0 helmet
 e - a +0 pair of gloves (worn)
 f - a +0 chain mail
Jewellery
 g - a ring of resist corrosion (left hand)
 l - a +4 ring of protection (right hand)
 m - a ring of wizardry
Scrolls
 h - a scroll of teleportation {unknown}
 k - a scroll of immolation {unknown}
Potions
 i - a potion of ambrosia {unknown}
 j - 2 potions of magic {unknown}


   Skills:
 - Level 2.0 Fighting
 + Level 3.9 Axes
 - Level 1.7 Throwing
 - Level 2.6 Dodging


You had 2 spell levels left.
You didn't know any spells.
Your spell library was empty.

Dungeon Overview and Level Annotations

Branches:
Dungeon (1/15)

Altars:


Innate Abilities, Weirdness & Mutations

You have a pair of small antennae on your head.
You have a somewhat thin skeletal structure. (Dex +2, Stealth+)


Message History

You hit the jackal.
The jackal is moderately wounded.
You barely miss the jackal. The jackal misses you.
The jackal bites you but does no damage. x2
Your leather armour prevents you from hitting the jackal.
The jackal is moderately wounded.
You hit the jackal. x2
The jackal bites you but does no damage.
The jackal barely misses you.
The jackal bites you but does no damage.
The jackal closely misses you.
You barely miss the jackal.
The jackal is heavily wounded.
You hit the jackal.
You kill the jackal!
You closely miss the jackal. The jackal barely misses you.
The jackal closely misses you. x2
You miss the jackal. You closely miss the jackal.
You hit the jackal but do no damage. The jackal barely misses you.
The jackal bites you.
The jackal bites you but does no damage.
The jackal closely misses you.
You barely miss the jackal. x2; You hit the jackal.
You kill the jackal!
The jackal bites you but does no damage. x2
The jackal closely misses you. The jackal bites you.
You hit the jackal.
The jackal is severely wounded.
You slash the jackal!
You kill the jackal!
The jackal bites you but does no damage.
The jackal barely misses you.
You hit the jackal.
You kill the jackal!
Found a glowing pearl ring.
m - a ring of wizardry
There is a stone staircase leading down here.
Done exploring.
Done exploring.
Are you sure you want to abandon this character and quit the game? (Confirm with "yes".)

..##..##....†......#
.>##............##.#
.......##.#..#...#.#
.......#...........#
...........(.#...#.#
.......#...#.##.##.#
.......##.##.......#
..####.......####..#
### ######.....@.##
###### #.#######
.....# #.# .....#
#.# .....# #.#
.....# #.#
.....######.###
###...........# #
#.#########.#


There were no monsters in sight!

Vanquished Creatures
  2 bats (D:1)
  3 endoplasms (D:1)
  2 giant cockroaches (D:1)
  5 hobgoblins (D:1)
  7 jackals (D:1)
  2 kobolds (D:1)
  A quokka (D:1)
  3 ball pythons (D:1)
  A rat (D:1)
26 creatures vanquished.

Notes
Turn   | Place    | Note
-------+----------+-------------------------------------------
     0 | D:1      | Holzbalken the Demonspawn Gladiator began the quest for the
                  | Orb.
     0 | D:1      | Reached XP level 1. HP: 16/16 MP: 1/1
    80 | D:1      | Reached skill level 3 in Axes
    88 | D:1      | Found a faded altar of an unknown god.
   323 | D:1      | Gained mutation: You have a somewhat thin skeletal
                  | structure. (Dex +2, Stealth+) [demonic ancestry]
   323 | D:1      | Reached XP level 2. HP: 22/22 MP: 2/2
   849 | D:1      | Gained mutation: You have a pair of small antennae on your
                  | head. [demonic ancestry]
   849 | D:1      | Reached XP level 3. HP: 27/27 MP: 3/3
  1042 | D:1      | Quit the game

Illustrated notes

Levels and vault maps discovered:
D:1:      dpeg_arrival_arbitrary_c, layout_basic,
          hellmonk_ecumenical_altar_inner_sanctum,
          hangedman_decor_clover_reticule

Skill      XL: |  1 |
---------------+----+-----
Axes           | 3 |  3.9
Fighting       | |  2.0
Throwing       | |  1.7
Dodging        | |  2.6

Action                   || total
-------------------------++-------
Melee: War axe           ||    55
 Stab: Sleeping          ||     1
Armor: Leather armour    ||    29
Dodge: Dodged            ||    49
